 Dungeon Crawl Stone Soup version 0.27-a0-1301-g128193abf8 (webtiles) character file.

Game seed: 9524994982173101811

49 porpoise the Skirmisher (level 3, -3/30 HPs)
             Began as a Demonspawn Fighter on June 18, 2021.
             Slain by Sigmund (10 damage)
             ... on level 2 of the Dungeon.
             The game lasted 00:04:31 (1424 turns).

porpoise the Skirmisher (Demonspawn Fighter)        Turns: 1424, Time: 00:04:31

Health: -3/30      AC: 10    Str: 17    XL:     3   Next: 53%
Magic:  3/3        EV:  4    Int:  9    God:
Gold:   41         SH: 12    Dex: 12    Spells: 2/2 levels left

rFire    . . .     SeeInvis .   a - +0 trident
rCold    . . .     Faith    .   c - +0 kite shield
rNeg     . . .     Spirit   .   j - +0 chain mail
rPois    .         Reflect  .   (no helmet)
rElec    .         Harm     .   (no cloak)
rCorr    .         Rampage  .   (no gloves)
Will     .....                  (no boots)
Stlth    ..........             (no amulet)
HPRegen  0.10/turn              (no ring)
MPRegen  0.08/turn              (no ring)

@: brilliant
A: icy blue scales 1, condensation shield
a: no special abilities


You were on level 2 of the Dungeon.
You visited 1 branch of the dungeon, and saw 2 of its levels.

You collected 41 gold pieces.

Inventory:

Hand Weapons
 a - a +0 trident (weapon)
Missiles
 d - 21 bolts
 e - 122 stones
 h - 22 sling bullets
 i - 27 arrows
 k - 11 poisoned darts (quivered)
Armour
 b - a +0 scale mail
 c - a +0 kite shield (worn)
 j - a +0 chain mail (worn)
Scrolls
 f - a scroll of amnesia {unknown}
 g - 4 scrolls of identify {unknown}


   Skills:
 + Level 3.8 Fighting
 + Level 2.8 Polearms
 - Level 2.6 Armour
 - Level 2.6 Shields


You had 2 spell levels left.
You didn't know any spells.
Your spell library was empty.

Dungeon Overview and Level Annotations

Branches:
Dungeon (2/15)

Altars:

Shops:
D:2 (

Annotations:
D:1 exclusion: downstairs
D:2 Sigmund


Innate Abilities, Weirdness & Mutations

You are partially covered in icy blue scales. (AC +2)
A meltable shield of frost defends you. (SH +4)


Message History

You throw a poisoned dart.
The poisoned dart closely misses Sigmund.
Okay, then.
Unknown command.
Okay, then.
It was a potion of brilliance.
You feel clever all of a sudden. Sigmund hits you but does no damage.
Unknown command.
You hit Sigmund but do no damage. Sigmund hits you but does no damage.
You hit Sigmund.
Sigmund is lightly wounded.
Sigmund barely misses you. Sigmund hits you but does no damage.
You closely miss Sigmund.
Sigmund is lightly wounded.
Sigmund casts a spell at you. You resist with significant effort.
You closely miss Sigmund.
Sigmund is lightly wounded.
Sigmund hits you but does no damage. Sigmund casts a spell at you.
The magic dart hits you.
Your shield and chain mail prevent you from hitting Sigmund.
Sigmund is lightly wounded.
Sigmund hits you with a +0 scythe!
You hit Sigmund.
Sigmund is moderately wounded.
You block Sigmund's attack.
Your shield and chain mail prevent you from hitting Sigmund.
Sigmund is moderately wounded.
Sigmund barely misses you. You block Sigmund's attack.
You hit Sigmund.
Sigmund is moderately wounded.
Sigmund hits you with a +0 scythe!
You hit Sigmund but do no damage.
Sigmund is moderately wounded.
Sigmund hits you with a +0 scythe.
* * * LOW HITPOINT WARNING * * *
Sigmund hits you with a +0 scythe!
You die...

#.(##.## ##..(...##
#..>.(...##
#.##......## #
#.#.......... ..
#.##......... .#
#####'##......... ..#
#......@##########...##
#......†@..............
#.##.....#...<.).#
#.##.###.#.......#
##'##.....#.......#
#.................#
#.................#
#.................#
#...................#
#........)∩....######


You could see Sigmund.

Vanquished Creatures
  Terence (D:2)
  A worm (D:2)
  3 ball pythons
  An endoplasm (D:1)
  2 giant cockroaches (D:1)
  5 goblins
  3 hobgoblins (D:1)
  A bat (D:1)
  3 kobolds (D:1)
  3 rats (D:1)
23 creatures vanquished.

Notes
Turn   | Place    | Note
-------+----------+-------------------------------------------
     0 | D:1      | porpoise the Demonspawn Fighter began the quest for the
                  | Orb.
     0 | D:1      | Reached XP level 1. HP: 18/18 MP: 1/1
   195 | D:1      | Gained mutation: You are partially covered in icy blue
                  | scales. (AC +2) [demonic ancestry]
   195 | D:1      | Reached XP level 2. HP: 24/24 MP: 2/2
   527 | D:1      | Found a faded altar of an unknown god.
   995 | D:2      | Noticed Sigmund
  1143 | D:2      | Found Ohutof's Weapon Shoppe.
  1143 | D:2      | Noticed Terence
  1149 | D:2      | Killed Terence
  1150 | D:2      | Gained mutation: A meltable shield of frost defends you.
                  | (SH +4) [demonic ancestry]
  1150 | D:2      | Reached XP level 3. HP: 25/30 MP: 3/3
  1424 | D:2      | Slain by Sigmund

Illustrated notes

Levels and vault maps discovered:
D:1:      dpeg_arrival_morbid_curiosity, layout_basic,
          ebering_ecumenical_altar_sacrificial, minmay_door_square
D:2:      kennysheep_big_flooded_room, layout_basic, serial_shops,
          nicolae_lakefront_shop, shop, kennysheep_big_empty_room, uniq_sigmund,
          uniq_terence

Skill      XL: |  1 |
---------------+----+-----
Polearms       | 2 |  2.8
Fighting       | |  3.8
Armour         | |  2.6
Shields        | |  2.6

Action                   || total
-------------------------++-------
Melee: Trident           ||    76
Throw: Dart              ||    12
  Use: Potion            ||     2
Armor: Scale mail        ||    20
       Chain mail        ||     9
Dodge: Dodged            ||    15
Block: Kite shield       ||    28

Table legend: (Time is in decaauts)
 A = Elapsed time spent in this place.
 B = Non-inter-level travel time spent in this place.
 C = Inter-level travel time spent in this place.
 D = Time resting spent in this place.
 E = Time spent auto-exploring this place.
 F = Levels seen in this place.
 G = Mean time per level.
                   A        B        C        D        E       F      G
               +--------+--------+--------+--------+--------+-----+--------+
         Total |   1459 |   1418 |     41 |    416 |    766 |   2 |  729.5 |
       Dungeon |   1459 |   1418 |     41 |    416 |    766 |   2 |  729.5 |
               +--------+--------+--------+--------+--------+-----+--------+

Top non-repeatable levels by time:
     D:1: 1164 daAuts
     D:2: 295 daAuts
